 Dungeon Crawl Stone Soup version 0.29.1-15-g9cfb28693d (webtiles) character file.

Game seed: 15071387139949477934

3388 Heoruswealwe the Thaumaturge (level 9, -9/45 HPs)
             Began as a Deep Elf Summoner on Feb 22, 2023.
             Was an Initiate of Sif Muna.
             Killed by an exploding themself (36 damage)
             ... ignited by their inner flame
             ... on level 8 of the Dungeon.
             The game lasted 02:44:42 (14687 turns).

Heoruswealwe the Thaumaturge (Deep Elf Summoner)   Turns: 14687, Time: 02:44:43

Health: -9/45      AC: 11    Str:  2    XL:     9   Next: 74%
Magic:  15/28      EV: 12    Int: 33    God:    Sif Muna [......]
Gold:   204        SH:  7    Dex: 15    Spells: 23/34 levels left

rFire   . . .      SeeInvis +   p - +3 scimitar
rCold   . . .      Faith    .   B - +0 buckler
rNeg    . . .      Spirit   .   t - +0 steam dragon scales
rPois   .          Reflect  .   d - +1 helmet
rElec   .          Harm     .   m - +2 cloak
rCorr   +          Rampage  .   z - +0 pair of gloves
Will    +....                   (no boots)
Stlth   +++.......              (no amulet)
HPRegen 0.15/turn               h - ring "Idesuy" {Will+ rCorr Str-3 Int+8 SInv}
MPRegen 0.21/turn               M - ring of wizardry

@: no status effects
A: large bone plates 1, camouflage 1
a: Renounce Religion


You were on level 8 of the Dungeon.
You worshipped Sif Muna.
Sif Muna was noncommittal.
You visited 2 branches of the dungeon, and saw 9 of its levels.

You collected 204 gold pieces.

Inventory:

Hand Weapons
 p - a +3 scimitar (weapon)
Armour
 d - a +1 helmet (worn)
 m - a +2 cloak (worn)
 t - +0 steam dragon scales (worn)
 z - a +0 pair of gloves (worn)
 B - a +0 buckler (worn)
Jewellery
 h - the ring "Idesuy" (left hand) {Will+ rCorr Str-3 Int+8 SInv}
   (You found it on level 3 of the Dungeon)

   [ring of resist corrosion]

   Str:       It affects your strength (-3).
   Int:       It affects your intelligence (+8).
   SInv:      It lets you see invisible.
   rCorr:     It protects you from acid and corrosion.
   Will:      It increases your willpower.
 M - a ring of wizardry (right hand)
Wands
 o - a wand of flame (15)
 O - a wand of paralysis (12)
Scrolls
 y - 4 scrolls of teleportation
 D - a scroll of fear
 R - a scroll of identify
 Y - a scroll of fog
Potions
 b - 2 potions of magic
 n - a potion of curing
 A - 2 potions of resistance
 Q - 2 potions of haste


   Skills:
 - Level 2.4 Dodging
 - Level 2.4 Stealth
 + Level 13.0 Spellcasting
 + Level 11.6 Summonings


You had 23 spell levels left.
You knew the following spells:

 Your Spells              Type           Power      Damage    Failure   Level
a - Summon Small Mammal   Summ           100%       N/A       1%          1
b - Call Canine Familiar  Summ           78%        N/A       1%          3
c - Summon Guardian Gole  Hex/Summ       56%        N/A       1%          3
d - Summon Lightning Spi  Summ/Air       56%        N/A       1%          4

Your spell library contained the following spells:

 Spells                   Type           Power      Damage    Failure   Level
 Sting                    Tmut/Pois      84%        1d7       1%          1
 Call Imp                 Summ           78%        N/A       1%          2
 Ensorcelled Hibernation  Hex/Ice        42%        N/A       1%          2
 Passwall                 Tmut/Erth      17%        N/A       1%          2
 Poisonous Vapours        Pois/Air       42%        N/A       1%          2
 Confusing Touch          Hex            21%        N/A       3%          3
 Inner Flame              Hex/Fire       21%        N/A       3%          3
 Spider Form              Tmut/Pois      21%        N/A       3%          3
 Swiftness                Air            21%        N/A       3%          3
 Anguish                  Hex/Necr       10%        N/A       12%         4
 Cause Fear               Hex            10%        N/A       12%         4
 Olgreb's Toxic Radiance  Pois           21%        N/A       12%         4
 Yara's Violent Unravell  Hex/Tmut       10%        3d6       30%         5
 Summon Horrible Things   Summ           39%        N/A       52%         8
 Malign Gateway           Summ/Tloc      28%        N/A       63%         7
 Enfeeble                 Hex            10%        N/A       100%        7
 Storm Form               Tmut/Air       10%        N/A       100%        7
 Discord                  Hex            10%        N/A       100%        8
 Maxwell's Capacitive Co  Air            10%        ∞         100%        8


Dungeon Overview and Level Annotations

Branches:
Dungeon (8/15)             Temple (1/1) D:6
   Lair: D:8-11

Altars:
Ashenzari
Cheibriados
Dithmenos
Elyvilon
Fedhas
Gozag
Hepliaklqana
Kikubaaqudgha
Makhleb
Nemelex Xobeh
Okawaru
Qazlal
Ru
Sif Muna
Trog
Uskayaw
Vehumet
Wu Jian
Xom
Yredelemnul
Zin
The Shining One


Innate Abilities, Weirdness & Mutations

You are partially covered in large bone plates. (SH +4)
Your skin changes colour to match your surroundings (Stealth+).


Message History

An arrow appears from out of your range of vision.
The arrow hits your warg!
Your warg bites the wyvern!
The wyvern dies!
Sif Muna accepts your kill. The orc warrior closely misses you.
You hear a twanging sound.
An arrow appears from out of your range of vision.
The arrow hits your warg!
Your warg dies!
Your warg's corpse disappears in a puff of smoke!
Your Spellcasting skill increases to level 13!
You block the orc warrior's attack.
Your lightning spire disappears in a puff of smoke!
The orc warrior throws a boomerang.
The boomerang hits your guardian golem.
The centaur shoots an arrow.
The arrow hits you.
Your guardian golem overheats!
The orc warrior hits you from afar with a +2 trident of venom!
* * * LOW HITPOINT WARNING * * *
You are lethally poisoned!
You feel much better.
You feel very sick.
The centaur shoots an arrow.
The arrow hits you.
Your warg bites the orc warrior.
The orc warrior throws a boomerang.
The boomerang hits your guardian golem. Flame seeps out of your guardian golem.
The centaur shoots an arrow.
The arrow hits you but does no damage.
You feel better.
Your warg closely misses the orc warrior.
The centaur shoots an arrow.
The arrow closely misses you. The arrow hits your warg!
Flame seeps out of your guardian golem.
Your guardian golem is engulfed in blazing flames.
Flame seeps out of your guardian golem.
The orc warrior throws a boomerang.
The boomerang hits your guardian golem!
Your guardian golem disappears in a puff of smoke!
Your guardian golem explodes!
The fiery explosion engulfs the orc warrior!!!
The orc warrior dies!
Sif Muna accepts your kill. The fiery explosion engulfs you!!!
Ouch! That really hurt!
You die...

... ..# .. ##..
#...
#######..#.....
#......cD......
#<# #.# ##[######.
.....####c........
.....)○@†.....?..#
....[§h§.....#####
##......)####.#
..#######. #.# .
.. #.# ### #.# #.


You could see a centaur and a friendly warg (summoned, sheltered).

Vanquished Creatures
  An ice beast (D:6)
  A wight (D:6)
  A hound (D:6)
  An iguana (D:6)
  3 adders
  3 goblins
  2 hobgoblins (D:1)
  4 kobolds
  5 bats
  A frilled lizard (D:1)
  31 bushes (D:2)
53 creatures vanquished.

Vanquished Creatures (collateral kills)
  Maggie (D:7)
  A wyvern (D:8)
  2 steam dragons
  A water moccasin (D:6)
  Edmund (D:4)
  An orc warrior (D:5)
  2 black bears (D:5)
  3 ogres
  A phantom (D:5)
  A centaur (D:6)
  3 bullfrogs
  5 scorpions
  4 wights (D:6)
  4 jellies
  2 quasits (D:6)
  5 hounds
  A gnoll bouda (D:7)
  4 orc priests
  An iguana (D:3)
  2 orc wizards
  9 adders
  4 gnolls (D:7)
  4 shadow imps
  4 white imps (D:6)
  5 ufetubi
  A worm (D:2)
  4 dart slugs
  22 orcs
  4 bats (D:5)
  2 endoplasms (D:2)
  4 giant cockroaches
  9 goblins
  2 hobgoblins
  4 quokkas
  11 ball pythons
  5 kobolds
  6 rats
145 creatures vanquished.

Vanquished Creatures (others)
  An orc warrior (D:8)
  14 demonic plants (D:6)
  10 fungi (D:5)
  13 plants (D:2)
38 creatures vanquished.

Grand Total: 236 creatures vanquished

Notes
Turn   | Place    | Note
-------+----------+-------------------------------------------
     0 | D:1      | Heoruswealwe the Deep Elf Summoner began the quest for the
                  | Orb.
     0 | D:1      | Reached XP level 1. HP: 10/10 MP: 6/6
   227 | D:1      | Reached XP level 2. HP: 13/15 MP: 4/8
   668 | D:1      | Found a faded altar of an unknown god.
   704 | D:1      | Prayed at the altar of an unknown god.
   704 | D:1      | Became a worshipper of Ashenzari the Shackled
   706 | D:1      | Fell from the grace of Ashenzari
   784 | D:1      | Reached skill level 4 in Spellcasting
  1095 | D:1      | Gained mutation: Your muscles are strong. (Str +4, Int/Dex
                  | -1) [potion of mutation]
  1095 | D:1      | Gained mutation: Your movements are slightly less
                  | encumbered by armour. (ER -2) [potion of mutation]
  1316 | D:2      | Reached skill level 5 in Summonings
  1316 | D:2      | Reached XP level 3. HP: 2/19 MP: 8/10
  2128 | D:2      | Was forgiven by Ashenzari
  2128 | D:2      | Reached XP level 4. HP: 15/24 MP: 8/12
  6851 | D:3      | Learned a level 3 spell: Call Canine Familiar
  6948 | D:3      | You fall into a shaft and drop 1 floor!
  6993 | D:4      | Lost mutation: Your movements are slightly less encumbered
                  | by armour. (ER -2) [potion of mutation]
  6993 | D:4      | Lost mutation: Your muscles are strong. (Str +4, Int/Dex
                  | -1) [potion of mutation]
  6993 | D:4      | Gained mutation: You have hidden genetic potential. [potion
                  | of mutation]
  7036 | D:4      | Reached skill level 5 in Spellcasting
  7112 | D:4      | Noticed an ogre
  7140 | D:4      | Killed an ogre
  7141 | D:4      | Reached XP level 5. HP: 28/28 MP: 6/15
  7159 | D:4      | Gained mutation: You are partially covered in large bone
                  | plates. (SH +4) [hidden potential]
  7426 | D:3      | Identified the ring "Idesuy" {Will+ rCorr Str-3 Int+8 SInv}
  7451 | D:3      | Reached skill level 6 in Spellcasting
  7741 | D:1      | Learned a level 3 spell: Call Canine Familiar
  7745 | D:1      | Learned a level 3 spell: Summon Guardian Golem
  7750 | D:1      | Learned a level 4 spell: Summon Lightning Spire
  8539 | D:4      | Reached XP level 6. HP: 32/32 MP: 17/17
  8770 | D:4      | Noticed Edmund
  8787 | D:4      | Killed Edmund
  8788 | D:4      | Reached skill level 7 in Spellcasting
  8790 | D:4      | Gained mutation: Your skin changes colour to match your
                  | surroundings (Stealth+). [hidden potential]
  8790 | D:4      | Lost mutation: You have hidden genetic potential. [hidden
                  | potential expressed]
  9179 | D:5      | Entered Level 5 of the Dungeon
  9198 | D:5      | Reached XP level 7. HP: 36/36 MP: 18/20
  9270 | D:5      | Reached skill level 8 in Spellcasting
 10010 | D:5      | Reached skill level 9 in Spellcasting
 10010 | D:5      | Reached XP level 8. HP: 41/41 MP: 18/23
 11147 | D:6      | Reached skill level 10 in Spellcasting
 11172 | D:6      | Found a blossoming altar of Fedhas.
 11175 | D:6      | Found an ornate altar of the Wu Jian Council.
 11215 | D:6      | Found a burning altar of Makhleb.
 11223 | D:6      | Found a glowing silver altar of Zin.
 11233 | D:6      | Found a basalt altar of Yredelemnul.
 11238 | D:6      | Found a snail-covered altar of Cheibriados.
 11335 | D:6      | Found a white marble altar of Elyvilon.
 11362 | D:6      | Found a glowing golden altar of the Shining One.
 11443 | D:6      | Reached skill level 11 in Spellcasting
 11443 | D:6      | Reached skill level 10 in Summonings
 11619 | D:6      | Reached XP level 9. HP: 45/45 MP: 19/26
 11707 | D:6      | Found a sparkling altar of Nemelex Xobeh.
 11783 | D:6      | Found a staircase to the Ecumenical Temple.
 12012 | Temple   | Entered the Ecumenical Temple
 12103 | Temple   | Became a worshipper of Sif Muna the Loreminder
 12732 | D:7      | Noticed Maggie
 12751 | D:7      | Killed Maggie
 12752 | D:7      | Reached skill level 12 in Spellcasting
 13300 | D:7      | Reached * piety under Sif Muna
 14683 | D:8      | Reached skill level 13 in Spellcasting
 14687 | D:8      | Killed by an exploding themself... ignited by their inner
                  | flame

Illustrated notes

Levels and vault maps discovered:
D:1:      dpeg_arrival_stone_temple_mockup, layout_basic,
          shapermc_ecumenical_altar_totnotflames
D:2:      layout_loops_cross, serial_forest, infiniplex_forest_straight_2,
          infiniplex_forest_straight_3, infiniplex_forest_fountain,
          infiniplex_forest_split, infiniplex_forest_lined_3_way,
          infiniplex_forest_clump_double, infiniplex_forest_lined_4_way
D:3:      layout_rooms
D:4:      layout_basic, uniq_edmund
D:5:      old_forge, layout_basic, minmay_misc_feat_rugged,
          kennysheep_decorative_pillar
D:6:      layout_rooms, nicolae_overflow_hallway_of_the_gods,
          chequers_temple_overflow_statue_of_worship,
          lemuel_coloured_pillars_altar, minmay_temple_entry_glass,
          serial_demonic, serial_demonic_e, serial_demonic_f, serial_demonic_c,
          serial_demonic_c, serial_demonic_e, serial_demonic_g,
          dreamdust_princess_corridor
D:7:      layout_basic, uniq_maggie
D:8:      minmay_ornate_pinched, layout_loops_ring,
          minmay_misc_feat_secret_circle, hex_large, minmay_misc_feat_columns
Temple:   dshaligram_water_room_temple

Skill      XL: |  1  2  3  4  5  6  7  8  9 |
---------------+----------------------------+-----
Spellcasting   | 4 5 6 7 9 11 13 | 13.0
Summonings     | 5 6 7 8 10 11 | 11.6
Dodging        | |  2.4
Stealth        | |  2.4

Action                   |  1- 3 |  4- 6 |  7- 9 || total
-------------------------+-------+-------+-------++-------
Melee: Short sword       |    48 |     2 |       ||    50
       Hand axe          |       |  4177 |       ||  4177
       Punch             |       |    97 |       ||    97
       Falchion          |       |       |    50 ||    50
       Long sword        |       |       |    57 ||    57
       Scimitar          |       |       |     4 ||     4
 Cast: Summon Small Mamm |    56 |     1 |     1 ||    58
       Call Canine Famil |       |    18 |    32 ||    50
       Summon Lightning  |       |       |     4 ||     4
       Summon Guardian G |       |       |     2 ||     2
Invok: Renounce Religion |     1 |       |       ||     1
  Use: Scroll            |     4 |     6 |     4 ||    14
       Potion            |     4 |     6 |     4 ||    14
 Stab: Distracted        |     1 |       |       ||     1
       Sleeping          |     1 |       |       ||     1
Armor: Robe              |    22 |     5 |    27 ||    54
       Steam dragon scal |       |       |     3 ||     3
Dodge: Dodged            |    31 |     8 |    57 ||    96
Block: Buckler           |       |       |    34 ||    34
